 Dungeon Crawl Stone Soup version 0.31.0-11-ge490571c62 (webtiles) character file.

Game seed: 15840942512786647295

270 ces the Sneak (level 6, 0/40 HPs)
             Began as a Djinni Hedge Wizard on Feb 2, 2024.
             Was an Initiate of Makhleb.
             Slain by a black bear (1 damage)
             ... on level 5 of the Dungeon.
             The game lasted 00:07:35 (3979 turns).

ces the Sneak (Djinni Hedge Wizard)                 Turns: 3979, Time: 00:07:36

Health: 0/40       AC:  2    Str:  7 (9)  XL:     6   Next: 46%
Gold:   204        EV: 13    Int: 17 (18) God:    Makhleb [......] SH:  0 Dex: 11 (12)

rFire   + + .        a - +0 dagger (elec)
rCold   x . .        (no shield)
rNeg    . . .        b - +0 robe
rPois   ∞            c - +0 hat
rElec   .            (no cloak)
rCorr   .            (no gloves)
SInv    .            (boots unavailable)
Will    .....        (no amulet)
Stlth   ++           (no ring)
HPRegen 0.26/turn    (no ring)
MPRegen 0.00/turn

%: infuse magic (-1 HP)
@: flying
A: sickness immunity, fire resistance 2, cold vulnerability 1, float, innate
caster, HP casting, extra vitality 1
a: Renounce Religion


You were on level 5 of the Dungeon.
You worshipped Makhleb.
Makhleb was noncommittal.
You visited 2 branches of the dungeon, and saw 6 of its levels.

You collected 204 gold pieces.

Inventory:

Hand Weapons
 a - a +0 dagger of electrocution (weapon)
Armour
 b - a +0 robe (worn)
 c - a +0 hat (worn)
Scrolls
 e - a scroll of poison
 f - 2 scrolls of revelation {unknown}
 g - 2 scrolls of immolation
 h - 4 scrolls of identify {unknown}
 i - a scroll of vulnerability {unknown}
 j - a scroll of teleportation {unknown}
 k - a scroll of enchant armour {unknown}
 m - a scroll of fear {unknown}
 n - a scroll of torment {unknown}
 q - a scroll of fog {unknown}
Potions
 d - a potion of cancellation
 p - a potion of might {unknown}


   Skills:
 + Level 3.9 Dodging
 * Level 4.1 Stealth
 + Level 3.8 Spellcasting
 + Level 3.8 Conjurations
 + Level 3.8 Hexes
 + Level 3.8 Summonings
 + Level 3.8 Necromancy
 + Level 3.8 Translocations
 + Level 3.8 Fire Magic
 + Level 3.8 Ice Magic
 + Level 3.8 Air Magic
 + Level 3.8 Earth Magic
 + Level 3.8 Alchemy


You knew the following spells:

 Your Spells              Type           Power      Damage    Failure   Level
a - Magic Dart            Conj           64%        1d6       3%          1
b - Blink                 Tloc           32%        N/A       4%          2
c - Call Imp              Summ           32%        N/A       4%          2
d - Slow                  Hex            64%        N/A       3%          1
e - Mephitic Cloud        Conj/Alch/Air  16%        N/A       10%         3
g - Lesser Beckoning      Tloc           32%        N/A       4%          2
s - Sandblast             Erth           32%        2d9       3%          1
Your spell library was empty.

Dungeon Overview and Level Annotations

Branches:
Dungeon (5/15)             Temple (1/1) D:4

Altars:
Ashenzari
Cheibriados
Dithmenos
Fedhas
Gozag
Makhleb
Okawaru
Qazlal
Ru
Trog
Uskayaw
Wu Jian
Xom
Yredelemnul
The Shining One

Shops:
D:1 :


Innate Abilities, Weirdness & Mutations

You are immune to sickness and miasma.
You are immune to poison.
Your flesh is very heat resistant. (rF++)
You are vulnerable to cold. (rC-)
You float through the air rather than walking.
You learn spells naturally, not from books.
Your magical power is your life essence.
You have superior vitality. (+4 MHP)


Message History

Casting: Blink (safe; 4% risk of failure)
Confirm with . or Enter, or press ? or * to list all spells.
A tiny devil pulls itself out of the air.
You swap places.
Your cerulean imp hits the black bear but does no damage.
Your cerulean imp closely misses the black bear.
Your magical contamination has completely faded away.
Found a stone staircase leading up.
You feel ready to blink again.
Your cerulean imp barely misses the black bear.
Your cerulean imp hits the black bear but does no damage.
The black bear bites you but does no damage.
The black bear claws you. x2
Your cerulean imp hits the black bear but does no damage.
The black bear attacks as it pursues you!
The black bear bites you! The black bear barely misses you.
The black bear closely misses you.
There is a stone staircase leading up here.
Casting: Call Imp (safe; 4% risk of failure)
Confirm with . or Enter, or press ? or * to list all spells.
A tiny devil pulls itself out of the air.
* * * LOW HITPOINT WARNING * * *
Your cerulean imp disappears in a puff of smoke!
The black bear bites you.
* * * LOW HITPOINT WARNING * * *
The black bear claws you but does no damage.
The black bear claws you.
* * * LOW HITPOINT WARNING * * *
Okay, then.
Casting: Call Imp (safe; 4% risk of failure)
Confirm with . or Enter, or press ? or * to list all spells.
You don't have enough health to cast this spell.
Okay, then.
It was a potion of degeneration.
There was something very wrong with that liquid.
You feel weakened.
You feel dopey.
You feel clumsy. The black bear bites you.
* * * LOW HITPOINT WARNING * * *
The black bear claws you.
You die...

...#####......<.......
...######.####.#......
...............#.#####
...............#.#
......#....###.#.#
#..##.#....# #.#.# #.
#.#....# #.#+# .
#.#....###..
....##@##.....#..
#..5..h§.....###.
.....##.#......# ....
#.#.....## ...
#.#.#...# .. ..#.#..##
. ..#.#..# ...#.....
..........


You could see a black bear (ally target) and a friendly cerulean imp (summoned).

Vanquished Creatures
  2 scorpions
  A hound (D:5)
  5 adders
  A shadow imp (D:4)
  3 dart slugs
  3 orcs
  7 ball pythons
  10 bats
  6 endoplasms
  A giant cockroach (D:1)
  5 goblins
  3 hobgoblins (D:1)
  3 jackals (D:1)
  A quokka (D:2)
  2 frilled lizards (D:1)
  7 kobolds
  8 rats
68 creatures vanquished.

Vanquished Creatures (collateral kills)
  A giant cockroach (D:2)
1 creature vanquished.

Grand Total: 69 creatures vanquished

Notes
Turn   | Place    | Note
-------+----------+-------------------------------------------
     0 | D:1      | ces the Djinni Hedge Wizard began the quest for the Orb.
     0 | D:1      | ces set off with the following spells memorised: Magic
                  | Dart, Slow, Blink, Call Imp, Mephitic Cloud.
     0 | D:1      | Reached XP level 1. HP: 15/15 MP: 0/0
   185 | D:1      | Reached XP level 2. HP: 14/21 MP: 0/0
   242 | D:1      | Found Gacy's Book Shoppe.
   368 | D:1      | Reached skill level 2 in Stealth
   426 | D:1      | Found a faded altar of an unknown god.
   499 | D:1      | Reached XP level 3. HP: 23/25 MP: 0/0
   499 | D:1      | Learned a level 1 spell: Sandblast
  1300 | D:2      | Reached XP level 4. HP: 6/31 MP: 0/0
  1576 | D:2      | Found a bloodstained altar of Trog.
  1841 | D:2      | You are sucked into a shaft and drop 1 floor!
  1859 | D:3      | Reached skill level 3 in Stealth
  2012 | D:3      | Found an ornate altar of the Wu Jian Council.
  2132 | D:3      | Reached XP level 5. HP: 34/35 MP: 0/0
  2132 | D:3      | Learned a level 2 spell: Lesser Beckoning
  2667 | D:4      | Found a staircase to the Ecumenical Temple.
  3538 | D:5      | Entered Level 5 of the Dungeon
  3584 | Temple   | Entered the Ecumenical Temple
  3594 | Temple   | Became a worshipper of Makhleb the Destroyer
  3741 | D:5      | Reached skill level 4 in Stealth
  3741 | D:5      | Reached XP level 6. HP: 37/40 MP: 0/0
  3955 | D:5      | Noticed a black bear
  3978 | D:5      | HP: 2/40 [black bear (4)]
  3979 | D:5      | Slain by a black bear

Illustrated notes

Levels and vault maps discovered:
D:1:      kennysheep_arrival_forest, layout_loops_ring,
          hellmonk_ecumenical_altar_blasted, serial_shops, nicolae_diamond_shop
D:2:      layout_basic, basic_altar
D:3:      layout_basic, mainiacjoe_overflow_surrounded_room
D:4:      layout_cave_pods, minmay_temple_entry_stoned_glass
D:5:      minmay_chambers_of_threes, layout_basic, lemuel_round_altar
Temple:   eino_temple_water

Skill      XL: |  1  2  3  4  5 |
---------------+----------------+-----
Stealth        | 2 3 4 |  4.1
Dodging        | 3 |  3.9
Spellcasting   | |  3.8
Conjurations   | |  3.8
Hexes          | |  3.8
Summonings     | |  3.8
Necromancy     | |  3.8
Translocations | |  3.8
Fire Magic     | |  3.8
Ice Magic      | |  3.8
Air Magic      | |  3.8
Earth Magic    | |  3.8
Alchemy        | |  3.8

Action                     |  1- 3 |  4- 6 || total
---------------------------+-------+-------++-------
  Melee: Dagger            |     9 |     7 ||    16
   Cast: Magic Dart        |    83 |    84 ||   167
         Call Imp          |     3 |     5 ||     8
         Blink             |     1 |     3 ||     4
         Sandblast         |       |    11 ||    11
         Slow              |       |     3 ||     3
    Use: Potion            |     1 |     2 ||     3
         Scroll            |     1 |       ||     1
   Stab: Sleeping          |     1 |     2 ||     3
 Armour: Robe              |    31 |    32 ||    63
  Dodge: Dodged            |    27 |    28 ||    55
